 Dungeon Crawl Stone Soup version 0.30.1-8-g117510f58f (webtiles) character file.

Game seed: 9204895900715031001

46628 Peloso the Fencer (level 14, -2/129 HPs)
             Began as a Minotaur Fighter on Sept 22, 2023.
             Was a High Priest of Okawaru.
             Slain by a death yak (14 damage)
             ... on level 5 of the Lair of Beasts.
             The game lasted 00:44:20 (19508 turns).

Peloso the Fencer (Minotaur Fighter)               Turns: 19508, Time: 00:44:22

Health: -2/129     AC: 22    Str: 22    XL:     14   Next: 5%
Magic:  13/13      EV: 12    Int:  5    God:    Okawaru [*****.]
Gold:   679        SH: 15    Dex: 17    Spells: 13/13 levels left

rFire   + . .        a - +4 long sword "Faomuc" {heavy, rF+ rCorr Stlth+}
rCold   . . .        d - +1 kite shield {rN+}
rNeg    + . .        F - +3 chain mail of Theory {Regen+}
rPois   +            (helmet restricted)
rElec   .            z - +2 cloak
rCorr   +            G - +0 pair of gloves
SInv    +            y - +0 pair of boots
Will    ++...        n - amulet of the acrobat
Stlth   +            f - ring of poison resistance
HPRegen 1.21/turn    S - ring of Kolauq Taz {rPois Will+ Dex+3 SInv}
MPRegen 0.13/turn

%: acrobat
@: no status effects
A: horns 2, retaliatory headbutt
a: Renounce Religion, Heroism, Finesse, Duel


You were on level 5 of the Lair of Beasts.
You worshipped Okawaru.
Okawaru was extremely pleased with you.
You visited 4 branches of the dungeon, and saw 21 of its levels.

You collected 1995 gold pieces.
You spent 1316 gold pieces at shops.

Inventory:

Hand Weapons
 a - the +4 long sword "Faomuc" (weapon) {heavy, rF+ rCorr Stlth+}
   (You found it on level 5 of the Dungeon)

   rF:        It protects you from fire.
   rCorr:     It protects you from acid and corrosion.
   Stlth:     It makes you more stealthy.
 b - a +1 long sword of holy wrath
Armour
 c - a +0 chain mail
 d - a +1 kite shield of positive energy (worn)
 e - a +1 kite shield of fire resistance
 y - a +0 pair of boots (worn)
 z - a +2 cloak (worn)
 F - the +3 chain mail of Theory (worn) {Regen+}
   (You bought it in a shop on level 8 of the Dungeon)

   Regen:     It increases your rate of health regeneration.
 G - a +0 pair of gloves (worn)
Jewellery
 f - a ring of poison resistance (left hand)
 n - an amulet of the acrobat (around neck)
 r - a ring of wizardry
 v - a ring of ice
 N - a ring of resist corrosion
 P - a +6 ring of dexterity
 Q - a ring of ice
 S - the ring of Kolauq Taz (right hand) {rPois Will+ Dex+3 SInv}
   (You bought it in a shop on level 2 of the Orcish Mines)

   [ring of willpower]

   Dex:       It affects your dexterity (+3).
   rPois:     It protects you from poison.
   SInv:      It lets you see invisible.
   Will:      It increases your willpower.
Wands
 m - a wand of roots (7)
 C - a wand of flame (12)
 O - a wand of polymorph (2)
 R - a wand of mindburst (7)
Scrolls
 g - a scroll of blinking
 h - 5 scrolls of enchant weapon
 i - 3 scrolls of teleportation
 j - 8 scrolls of identify
 k - 2 scrolls of noise
 p - 4 scrolls of immolation
 u - 2 scrolls of fear
 x - a scroll of butterflies
 A - 2 scrolls of silence
 B - 3 scrolls of magic mapping
 D - a scroll of amnesia
 E - 2 scrolls of brand weapon
 I - 3 scrolls of poison
 J - 3 scrolls of enchant armour
Potions
 l - a potion of flight
 o - 3 potions of haste
 q - 5 potions of mutation
 s - 2 potions of curing
 t - a potion of might
 w - 3 potions of heal wounds
 H - 2 potions of berserk rage
 K - 2 potions of brilliance
 L - 4 potions of invisibility
Miscellaneous
 M - a box of beasts


   Skills:
 + Level 13.1 Fighting
 + Level 15.8 Long Blades
 + Level 13.4 Armour
 + Level 7.3 Dodging
 + Level 2.0 Stealth
 + Level 14.5 Shields
 + Level 1.1 Invocations
 + Level 4.1 Evocations


You had 13 spell levels left.
You didn't know any spells.
Your spell library contained the following spells:

 Spells                   Type           Power      Damage    Failure   Level
 Apportation              Tloc           0%         N/A       98%         1
 Kiss of Death            Conj/Necr      0%         2d5       98%         1
 Necrotise                Necr           0%         1d4       98%         1
 Sandblast                Erth           0%         2d4       98%         1
 Ensorcelled Hibernation  Hex/Ice        0%         N/A       99%         2
 Passwall                 Tmut/Erth      0%         N/A       99%         2
 Confusing Touch          Hex            0%         N/A       100%        3
 Ozocubu's Armour         Ice            0%         N/A       100%        3
 Spider Form              Tmut/Pois      0%         N/A       100%        3
 Stone Arrow              Conj/Erth      0%         3d7       100%        3
 Vampiric Draining        Necr           0%         2d6       100%        3
 Anguish                  Hex/Necr       0%         N/A       100%        4
 Dispel Undead            Necr           0%         3d6       100%        4
 Fulminant Prism          Conj/Hex       0%         3d5       100%        4
 Leda's Liquefaction      Hex/Erth       0%         N/A       100%        4
 Agony                    Necr           0%         N/A       100%        5
 Blade Hands              Tmut           0%         N/A       100%        5
 Lee's Rapid Deconstruct  Erth           0%         3d4*      100%        5
 Metabolic Englaciation   Hex/Ice        0%         N/A       100%        5
 Iron Shot                Conj/Erth      0%         9d1       100%        6
 Statue Form              Tmut/Erth      0%         N/A       100%        6
 Summon Small Mammal      Summ           Unusable   N/A       N/A         1
 Animate Armour           Summ/Erth      Unusable   N/A       N/A         4
 Simulacrum               Ice/Necr       Unusable   N/A       N/A         6

Dungeon Overview and Level Annotations

Branches:
Dungeon (13/15)            Temple (1/1) D:6            Lair (5/5) D:10
 Shoals (0/4) Lair:3       Spider (0/4) Lair:2        Slime (0/5) Lair:4
    Orc (2/2) D:11            Elf (0/3) Orc:2        Vaults (0/5) D:13

Altars:
Ashenzari
Cheibriados
Dithmenos
Fedhas
Gozag
Kikubaaqudgha
Makhleb
Okawaru
Qazlal
Ru
Sif Muna
Uskayaw
Vehumet
Wu Jian
Xom
Yredelemnul
The Shining One
Jiyva

Shops:
D:2 :   D:5 (   D:8 [   D:9 *   D:11 ?   Orc:1 [[?(:   Orc:2 !([?=

Annotations:
D:5 4 runed translucent doors


Innate Abilities, Weirdness & Mutations

You have a pair of horns on your head.
You reflexively headbutt those who attack you in melee.


Message History

The water moccasin bites you but does no damage.
A dream sheep comes into view.
The blink frog hits you but does no damage.
The wolf barely misses you. You furiously retaliate!
You headbutt the wolf.
The blink frog blinks!
The dream sheep bleats!
You slash the death yak!
The death yak is moderately wounded.
The water moccasin bites you but does no damage.
You block the wolf's attack.
The blink frog hits you but does no damage.
The death yak gores you. x2; You block the death yak's attack.
The blink frog blinks!
The wolf bites you but does no damage.
The water moccasin bites you but does no damage.
The wolf barely misses you.
A water moccasin comes into view.
The blink frog hits you but does no damage.
You block the death yak's attack. The death yak barely misses you. x2
Unknown command.
You block the wolf's attack. x2
The water moccasin bites you but does no damage.
The blink frog hits you! You block the wolf's attack.
The blink frog blinks! x2
You block the wolf's attack.
The dream sheep shake their wool and sparkle.
You feel drowsy...
You fall asleep.
You stop ascending the stairs.
The death yak gores you!!!
You wake up.
Ouch! That really hurt!
* * * LOW HITPOINT WARNING * * *
The death yak gores you.
* * * LOW HITPOINT WARNING * * *
The death yak gores you!
* * * LOW HITPOINT WARNING * * *
The water moccasin bites you but does no damage.
You block the wolf's attack.
The blink frog blinks!
You block the wolf's attack. The wolf bites you but does no damage.
The water moccasin bites you but does no damage.
The death yak gores you!
* * * LOW HITPOINT WARNING * * *
The death yak gores you!
You die...

# ## ##.#.# ##
###.#..#P.#.# ##
#.#.........h #
#.###...#........
#.##.F..F..#.#.....
.......hhY.### .##
P......Y@Yh.#
.....§.§†SYF#.#
.PP.....:..F..#
P..##.....##.##
...P.#...## ..#
............YYY
..#..P.......Y...
..........._.P...
.#.........Y.kF


You could see 3 death yaks, 4 blink frogs, a water moccasin, 3 wolves and 3
dream sheep.

Vanquished Creatures
  Jorgrun (Orc:1)
  An ettin (Orc:1)
  A yaktaur captain (D:13)
  An ogre mage (D:11)
  A hydra (Lair:3)
  2 catoblepae
  2 boulder beetles
  6 two-headed ogres
  A tengu warrior (D:8)
  4 orc high priests (Orc:2)
  Nergalle (Lair:1)
  A skyshark (Lair:2)
  3 cyclopes
  2 orc sorcerers (Orc:2)
  A manticore (Lair:3)
  Maurice (Orc:1)
  4 black mambas
  2 gargoyles (D:12)
  2 cane toads
  Maggie (D:8)
  Psyche (D:8)
  2 kobold demonologists
  2 yaktaurs (D:13)
  3 rime drakes
  An unseen horror (D:10)
  11 komodo dragons
  A wind drake (Lair:3)
  9 trolls
  A polar bear (Lair:2)
  13 blink frogs
  4 dream sheep (Lair:4)
  11 slime creatures
  2 shadows (D:9)
  A wyvern (Lair:4)
  A wraith (D:11)
  27 yaks
  Grum (D:8)
  2 basilisks
  4 steam dragons
  5 vampire mosquitoes
  Menkaure (D:4)
  A warg (Orc:2)
  3 acid dragons
  12 water moccasins
  16 orc warriors
  A black bear (D:6)
  3 ice beasts
  8 ogres
  16 wolves
  5 centaurs
  A kobold brigand (D:9)
  A gnoll sergeant (D:10)
  5 bullfrogs
  2 scorpions
  11 killer bees
  A howler monkey (D:4)
  3 vampire bats (D:10)
  7 electric eels
  2 jellies
  11 hounds
  A gnoll bouda (D:6)
  21 orc priests
  11 iguanas
  22 orc wizards
  Terence (D:2)
  11 gnolls
  7 adders
  4 white imps
  3 ufetubi
  4 worms
  3 dart slugs
  58 orcs
  8 ball pythons
  3 bat skeletons (D:10)
  2 bat zombies (D:10)
  2 endoplasms
  A giant cockroach (D:2)
  12 goblins
  13 hobgoblins
  4 jackals (D:5)
  8 kobolds
  5 quokkas
  5 bats
  5 frilled lizards
  6 rats
470 creatures vanquished.

Vanquished Creatures (others)
  An orc wizard (Orc:2)
  A gnoll (D:7)
  An orc (D:7)
3 creatures vanquished.

Grand Total: 473 creatures vanquished

Notes
Turn   | Place    | Note
-------+----------+-------------------------------------------
     0 | D:1      | Peloso the Minotaur Fighter began the quest for the Orb.
     0 | D:1      | Reached XP level 1. HP: 19/19 MP: 0/0
   161 | D:1      | Reached XP level 2. HP: 27/27 MP: 1/1
   262 | D:1      | Found a faded altar of an unknown god.
   715 | D:1      | Reached XP level 3. HP: 33/33 MP: 2/2
   884 | D:2      | Noticed Terence
   903 | D:2      | Killed Terence
   904 | D:2      | Reached skill level 1 in Dodging
   904 | D:2      | Reached XP level 4. HP: 11/40 MP: 3/3
  1046 | D:2      | Found Cogulutybb's Book Emporium.
  1185 | D:2      | Reached skill level 3 in Long Blades
  1675 | D:2      | Reached skill level 5 in Armour
  1675 | D:2      | Reached XP level 5. HP: 5/46 MP: 4/4
  2268 | D:3      | Noticed an ogre
  2290 | D:3      | Killed an ogre
  2291 | D:3      | Reached skill level 4 in Long Blades
  2798 | D:4      | Reached XP level 6. HP: 46/52 MP: 5/5
  3004 | D:4      | Reached skill level 5 in Long Blades
  3508 | D:4      | Noticed Menkaure
  3515 | D:4      | Killed Menkaure
  3516 | D:4      | Reached XP level 7. HP: 58/60 MP: 6/6
  3520 | D:4      | Reached skill level 6 in Long Blades
  3703 | D:5      | Entered Level 5 of the Dungeon
  3709 | D:5      | Reached skill level 5 in Fighting
  3709 | D:5      | Reached skill level 5 in Shields
  3892 | D:5      | Identified the +4 long sword "Faomuc" {heavy, rF+ rCorr
                  | Stlth+}
  3939 | D:5      | Found a large runed translucent door.
  3939 | D:5      | Found a large runed translucent door.
  3946 | D:5      | Found a large runed translucent door.
  3946 | D:5      | Found a large runed translucent door.
  3949 | D:5      | Noticed a vampire
  3950 | D:5      | Noticed a yak
  4080 | D:5      | Reached skill level 7 in Long Blades
  4241 | D:5      | Found Soymodip's Antique Weapon Shop.
  4464 | D:5      | Reached XP level 8. HP: 67/68 MP: 7/7
  4860 | D:5      | HP: 2/70 [orc warrior/+0 trident (8)]
  5271 | D:6      | Reached skill level 8 in Long Blades
  5650 | D:6      | Found a staircase to the Ecumenical Temple.
  5663 | Temple   | Entered the Ecumenical Temple
  5680 | Temple   | Became a worshipper of Warmaster Okawaru
  6080 | D:6      | Reached XP level 9. HP: 75/75 MP: 8/8
  6519 | D:6      | Reached skill level 9 in Long Blades
  6876 | D:7      | Reached * piety under Okawaru
  7584 | D:8      | Noticed Grum
  7604 | D:8      | Killed Grum
  7613 | D:8      | Reached skill level 10 in Long Blades
  7615 | D:8      | Noticed Maggie
  7628 | D:8      | Killed Maggie
  7628 | D:8      | Reached ** piety under Okawaru
  8201 | D:8      | Noticed a tengu warrior
  8225 | D:8      | Killed a tengu warrior
  8226 | D:8      | Reached skill level 10 in Armour
  8226 | D:8      | Reached XP level 10. HP: 46/86 MP: 9/9
  8479 | D:8      | Found Utrikuw's Armour Boutique.
  8482 | D:8      | Bought the +3 chain mail of Theory {Regen+} for 424 gold
                  | pieces
  8703 | D:8      | Noticed Psyche
  8711 | D:8      | Killed Psyche
  8926 | D:9      | Reached *** piety under Okawaru
  8927 | D:9      | Reached skill level 11 in Long Blades
  9085 | D:9      | Reached skill level 1 in Stealth
  9360 | D:9      | Found Vatzell's Gadget Gallery.
  9567 | D:9      | Reached **** piety under Okawaru
  9568 | D:9      | Reached skill level 5 in Dodging
  9741 | D:10     | Entered Level 10 of the Dungeon
  9851 | D:10     | Reached skill level 12 in Long Blades
  9865 | D:10     | Found a basalt altar of Yredelemnul.
  9927 | D:10     | Reached XP level 11. HP: 90/94 MP: 10/10
  9976 | D:10     | Found a staircase to the Lair.
  9994 | D:10     | Noticed a two-headed ogre
 10006 | D:10     | Killed a two-headed ogre
 10006 | D:10     | Reached ***** piety under Okawaru
 10096 | D:10     | Reached skill level 1 in Evocations
 10366 | D:10     | Found a shimmering blue altar of Sif Muna.
 10413 | D:10     | Found an ancient bone altar of Kikubaaqudgha.
 10580 | D:10     | Reached skill level 10 in Shields
 10891 | D:11     | Identified the +3 quick blade of Patterns {freeze, Dex+2}
                  | (Okawaru gifted it to you on level 11 of the Dungeon)
 10891 | D:11     | Received a gift from Okawaru
 10957 | D:11     | Found Dossig's Magic Scroll Boutique.
 10966 | D:11     | Bought a scroll of identify for 22 gold pieces
 10980 | D:11     | Bought a scroll of identify for 22 gold pieces
 11067 | D:11     | Found a stormy altar of Qazlal.
 11194 | D:11     | Noticed a two-headed ogre
 11222 | D:11     | Killed a two-headed ogre
 11223 | D:11     | Reached skill level 13 in Long Blades
 11245 | D:11     | Noticed a two-headed ogre
 11245 | D:11     | Noticed a two-headed ogre
 11245 | D:11     | Noticed a two-headed ogre
 11266 | D:11     | Killed a two-headed ogre
 11270 | D:11     | Killed a two-headed ogre
 11271 | D:11     | Killed a two-headed ogre
 11434 | D:11     | Noticed a two-headed ogre
 11435 | D:11     | Noticed an ogre mage
 11448 | D:11     | Killed a two-headed ogre
 11456 | D:11     | Killed an ogre mage
 11456 | D:11     | Identified the +1 hand axe "Death Rattle" {heavy, Fly
                  | rCorr} (Okawaru gifted it to you on level 11 of the
                  | Dungeon)
 11456 | D:11     | Received a gift from Okawaru
 11457 | D:11     | Reached XP level 12. HP: 88/105 MP: 9/11
 11641 | D:11     | Found a staircase to the Orcish Mines.
 12155 | Lair:1   | Entered Level 1 of the Lair of Beasts
 12396 | Lair:1   | Reached skill level 14 in Long Blades
 12474 | Lair:1   | Noticed Nergalle
 12501 | Lair:1   | Killed Nergalle
 12547 | Lair:1   | Reached ****** piety under Okawaru
 12548 | Lair:1   | Reached skill level 10 in Fighting
 12664 | Lair:1   | Noticed a boulder beetle
 12692 | Lair:1   | Killed a boulder beetle
 12692 | Lair:1   | Received a gift from Okawaru
 12736 | Lair:1   | You fall into a shaft and drop 1 floor!
 13553 | Lair:2   | Received a gift from Okawaru
 13588 | Lair:2   | Got Haumyn's Incunabulum of Bad Luck
 13699 | Lair:2   | Found a hole to the Spider Nest.
 14069 | Lair:3   | Noticed a catoblepas
 14122 | Lair:3   | Killed a catoblepas
 14271 | Lair:3   | Reached XP level 13. HP: 89/116 MP: 12/12
 14485 | Lair:3   | Found a staircase to the Shoals.
 15357 | D:12     | Reached skill level 15 in Long Blades
 15794 | Orc:1    | Entered Level 1 of the Orcish Mines
 15794 | Orc:1    | Found Peeb Suxt's Antique Armour Boutique.
 15825 | Orc:1    | Noticed Maurice
 15872 | Orc:1    | Killed Maurice
 15941 | Orc:1    | Found Abre's Magic Scroll Shoppe.
 16029 | Orc:1    | Found Fepp's Armour Emporium.
 16120 | Orc:2    | Entered Level 2 of the Orcish Mines
 16150 | Orc:2    | Found Jawkap's Distillery.
 16168 | Orc:2    | Noticed an ettin
 16388 | Orc:1    | Killed an ettin
 16492 | Orc:2    | Found a staircase to the Elven Halls.
 16783 | Orc:2    | Identified the +4 scale mail of the Leaf {rElec Stlth+}
                  | (Okawaru gifted it to you on level 2 of the Orcish Mines)
 16783 | Orc:2    | Received a gift from Okawaru
 16915 | Orc:2    | Reached skill level 1 in Invocations
 17198 | Orc:2    | Found Pitaek's Magic Scroll Boutique.
 17198 | Orc:2    | Found Fuessate's Antique Weapon Shop.
 17203 | Orc:2    | Found Sieliofe's Armour Shop.
 17205 | Orc:2    | Found Ojisa's Jewellery Boutique.
 17220 | Orc:2    | Bought the ring of Kolauq Taz {rPois Will+ Dex+3 SInv} for
                  | 653 gold pieces
 17366 | Orc:2    | Bought a potion of heal wounds for 65 gold pieces
 17366 | Orc:2    | Bought 2 potions of berserk rage for 130 gold pieces
 17442 | Orc:1    | Noticed Jorgrun
 17460 | Orc:1    | Killed Jorgrun
 17498 | Orc:1    | Found Volionak's Book Shop.
 17550 | Orc:1    | Found Loleweir's Weapon Shop.
 18164 | D:13     | Found a gate to the Vaults.
 18911 | Lair:4   | Found a viscous altar of Jiyva.
 18951 | Lair:4   | Found a staircase to the Slime Pits.
 19095 | Lair:4   | Reached XP level 14. HP: 84/129 MP: 13/13
 19463 | Lair:5   | Entered Level 5 of the Lair of Beasts
 19466 | Lair:5   | Found a glowing golden altar of the Shining One.
 19508 | Lair:5   | Slain by a death yak

Illustrated notes

Levels and vault maps discovered:
D:1:      dpeg_arrival_morbid_curiosity, layout_rooms,
          shapermc_ecumenical_altar_ellora, chequers_mini_garden,
          dk_noncrumbling_3, minmay_crystal_water, minmay_tromino_i2
D:2:      layout_basic, serial_shops, nicolae_book_shop_shelving,
          minmay_tripent, uniq_terence
D:3:      layout_loops_ring, minmay_ogre_servants
D:4:      layout_layer_cave, uniq_menkaure
D:5:      layout_gridville, serial_shops, nicolae_shop_rolling_square,
          minivault_4, minmay_hollow_rounded_squares
D:6:      layout_gridville, minmay_temple_entry_junction_2
D:7:      layout_cave_pools, grunt_potential
D:8:      layout_loops_ring, serial_shops, kennysheep_mini_moat,
          chequers_hall_statues_corner_a, uniq_psyche, uniq_maggie, uniq_grum
D:9:      layout_roguey, nicolae_shop_gadgets
D:10:     layout_basic, mainiacjoe_overflow_surrounded_room,
          kennysheep_vampire_church, mainiacjoe_overflow_six_doors_small,
          erik_lair_island, lightli_minifort
D:11:     layout_stronghold, orc_0_dummy, serial_shops, shop, nrook_mini_vaults,
          nicolae_qazlal_general_emergency
D:12:     layout_big_octagon
D:13:     layout_loops_ring, david_vaults_2, serial_park_tiny_1,
          small_statue_alley_a
Temple:   compressed_dpeg_triangle_lava_temple
Lair:1:   beast_lair_carwin_large_3, layout_regular_city, grunt_megastairs_3,
          uniq_nergalle
Lair:2:   layout_regular_city, spider_nest_entry_web_field,
          infiniplex_staircase_pool, grunt_megastairs_4
Lair:3:   layout_roguey, minmay_shoals_entry_beasts, serial_bayou_shore_b,
          serial_bayou_shore_b, serial_bayou_shore_a
Lair:4:   layout_hall_layers, slime_entry_1, lookout_lair_type
Lair:5:   hangedman_lair_caniforms_friends, layout_loops_ring,
          hangedman_lair_in_review, basic_altar
Orc:1:    layout_caves, serial_shops, nicolae_book_shop_shelving,
          nicolae_shop_rolling_square, nicolae_shop_statue_plus, shop,
          nicolae_shop_tiny_statue_garden, uniq_jorgrun, uniq_maurice
Orc:2:    st_orc_mages, layout_diamond_mine, serial_shops,
          nicolae_shop_industrial_runoff

Skill      XL: |  1  2  3  4  5  6  7  8  9 10 11 12 13 |
---------------+----------------------------------------+-----
Fighting       | 4 5 6 7 8 9 11 13 | 13.1
Armour         | 4 5 6 8 10 11 12 13 | 13.4
Shields        | 4 5 6 7 9 10 12 14 | 14.5
Dodging        | 1 2 3 4 5 6 7 |  7.3
Long Blades    | 3 4 5 7 8 10 12 13 14 15 | 15.8
Stealth        | 1 2 |  2.0
Evocations     | 3 4 |  4.1
Invocations    | 1 |  1.1

Action                     |  1- 3 |  4- 6 |  7- 9 | 10-12 | 13-15 || total
---------------------------+-------+-------+-------+-------+-------++-------
  Melee: Long sword        |   100 |   137 |   347 |   741 |   597 ||  1922
         Headbutt          |     9 |    22 |    72 |   189 |   179 ||   471
 Invoke: Heroism           |       |       |     1 |     6 |     8 ||    15
  Evoke: Wand              |       |       |     3 |    16 |    20 ||    39
    Use: Potion            |     2 |     4 |     8 |       |     6 ||    20
         Scroll            |     1 |       |     2 |    16 |     5 ||    24
   Stab: Petrified         |       |       |       |     1 |       ||     1
 Armour: Scale mail        |    56 |    48 |     3 |       |       ||   107
         Chain mail        |       |       |   187 |   302 |   242 ||   731
  Dodge: Dodged            |    53 |    76 |   223 |   269 |   259 ||   880
  Block: Buckler           |    31 |    28 |   111 |       |       ||   170
         Kite shield       |       |       |       |   457 |   403 ||   860
